 Dungeon Crawl Stone Soup version 0.30-a0-511-g0d9051e15b (webtiles) character file.

Game seed: 488014071213864652

62 DasRunzen the Slasher (level 3, -2/31 HPs)
             Began as a Draconian Gladiator on Dec 23, 2022.
             Slain by a gnoll
             ... wielding a +0 flail
              (12 damage)
             ... on level 2 of the Dungeon.
             The game lasted 00:01:53 (1113 turns).

DasRunzen the Slasher (Draconian Gladiator)         Turns: 1113, Time: 00:01:54

Health: -2/31      AC:  5    Str: 16    XL:     3   Next: 85%
Magic:  5/5        EV: 12    Int: 10    God:
Gold:   66         SH:  0    Dex: 12    Spells: 4/4 levels left

rFire   . . .      SeeInvis .    a - +0 long sword
rCold   . . .      Faith    .    (no shield)
rNeg    . . .      Spirit   .    (body armour unavailable)
rPois   .          Reflect  .    b - +0 hat
rElec   .          Harm     .    (no cloak)
rCorr   .          Rampage  .    (no gloves)
Will    .....                    (no boots)
Stlth   +.........               (no amulet)
HPRegen 0.25/turn                (no ring)
MPRegen 0.09/turn                (no ring)

@: no status effects
A: AC +5, unfitting armour, cold-blooded
a: no special abilities


You were on level 2 of the Dungeon.
You visited 1 branch of the dungeon, and saw 2 of its levels.

You collected 66 gold pieces.

Inventory:

Hand Weapons
 a - a +0 long sword (weapon)
Missiles
 c - 3 throwing nets (quivered)
 d - a javelin
Armour
 b - a +0 hat (worn)
Jewellery
 g - a ring of ice
Scrolls
 f - a scroll of fog
Potions
 h - a potion of berserk rage
 i - a potion of heal wounds {unknown}


   Skills:
 + Level 3.0 Fighting
 + Level 3.5 Long Blades
 - Level 1.7 Throwing
 + Level 3.2 Dodging
 + Level 1.3 Spellcasting


You had 4 spell levels left.
You didn't know any spells.
Your spell library was empty.

Dungeon Overview and Level Annotations

Branches:
Dungeon (2/15)

Altars:

Shops:
D:1 *


Innate Abilities, Weirdness & Mutations

Your plain brown scales are hard. (AC +5)
You cannot fit into any form of body armour.
You are cold-blooded and may be slowed by cold attacks.


Message History

You start resting.
HP restored.
You climb downwards.
The gnoll hits you but does no damage.
There is a stone staircase leading up here.
You closely miss the gnoll. The gnoll closely misses you.
The gnoll hits you with a +0 flail!
You hit the gnoll but do no damage. The gnoll hits you with a +0 flail!
You slash the gnoll!
The gnoll is heavily wounded.
The gnoll barely misses you.
You barely miss the gnoll.
The gnoll is heavily wounded.
The gnoll hits you with a +0 flail.
* * * LOW HITPOINT WARNING * * *
The gnoll hits you but does no damage.
You climb upwards.
There is a stone staircase leading down here.
You slash the gnoll!
You kill the gnoll!
Your Fighting skill increases to level 3!
You start resting.
Magic restored.
You start resting.
HP restored.
You climb downwards.
The gnoll misses you. The gnoll closely misses you.
There is a stone staircase leading up, spattered with blood here.
You hit the gnoll.
The gnoll is heavily wounded.
The gnoll hits you with a +0 flail.
You barely miss the gnoll.
You tail-slap the gnoll, but do no damage.
The gnoll is heavily wounded.
The gnoll hits you with a +0 flail!
You hit the gnoll.
The gnoll is almost dead.
The gnoll misses you.
You closely miss the gnoll.
Your tail-slap misses the gnoll.
The gnoll is almost dead.
The gnoll hits you with a +0 flail! x2
You die...

#.## ...# #..# #..#
#..# #..# #..#
####.######÷.#######
......g@...÷........
###..#######..#####.
# #..# #g.## #.g.#
##..# #..# #†.# #..#


You could see a gnoll.

Vanquished Creatures
  3 gnolls (D:1)
  A worm (D:1)
  2 ball pythons
  A giant cockroach (D:1)
  3 goblins (D:1)
  3 hobgoblins (D:1)
  3 jackals (D:2)
  4 kobolds (D:1)
  A quokka (D:2)
  3 bats (D:1)
  4 rats
28 creatures vanquished.

Notes
Turn   | Place    | Note
-------+----------+-------------------------------------------
     0 | D:1      | DasRunzen the Draconian Gladiator began the quest for the
                  | Orb.
     0 | D:1      | Reached XP level 1. HP: 17/17 MP: 1/1
   251 | D:1      | Reached XP level 2. HP: 23/25 MP: 2/2
   521 | D:1      | Found Kudghaps's Assorted Antiques.
   735 | D:1      | Reached skill level 1 in Spellcasting
   810 | D:2      | Reached XP level 3. HP: 28/30 MP: 4/4
  1113 | D:2      | Slain by a gnoll

Illustrated notes

Levels and vault maps discovered:
D:1:      onia_arrival_mini_maze_b, layout_basic, serial_shops, shop
D:2:      minmay_general_purpose_star, layout_loops_ring, basic_altar,
          hangedman_abyss_or_decor_stabs, hex_tiny, minivault_11, minivault_26,
          minmay_pentomino_q4, uniq_crazy_yiuf_cottage, uniq_sigmund

Skill      XL: |  1  2  3 |
---------------+----------+-----
Dodging        | 3 |  3.2
Spellcasting   | 1 |  1.3
Fighting       | 3 |  3.0
Long Blades    | |  3.5
Throwing       | |  1.7

Action                   || total
-------------------------++-------
Melee: Long sword        ||   106
       Tailslap          ||    10
  Use: Scroll            ||     3
Armor: Skin              ||    46
Dodge: Dodged            ||    90

Table legend: (Time is in decaauts)
 A = Elapsed time spent in this place.
 B = Non-inter-level travel time spent in this place.
 C = Inter-level travel time spent in this place.
 D = Time resting spent in this place.
 E = Time spent auto-exploring this place.
 F = Levels seen in this place.
 G = Mean time per level.
                   A        B        C        D        E       F      G
               +--------+--------+--------+--------+--------+-----+--------+
         Total |   1141 |   1125 |     16 |    242 |    646 |   2 |  570.5 |
       Dungeon |   1141 |   1125 |     16 |    242 |    646 |   2 |  570.5 |
               +--------+--------+--------+--------+--------+-----+--------+

Top non-repeatable levels by time:
     D:1: 1046 daAuts
     D:2: 94 daAuts
